 Dungeon Crawl Stone Soup version 0.30-a0-793-g160f7cfddd (webtiles) character file.

Game seed: 15088870674332215106

2523 NotreDorf the Thaumaturge (level 9, -32/71 HPs)
             Began as a Mummy Hedge Wizard on Feb 19, 2023.
             Was a Follower of Ashenzari.
             Killed by an exploding dream sheep (39 damage)
             ... ignited by their inner flame
             ... on level 7 of the Dungeon.
             The game lasted 00:30:00 (6980 turns).

NotreDorf the Thaumaturge (Mummy Hedge Wizard)      Turns: 6980, Time: 00:30:00

Health: -32/71     AC: 17    Str: 20    XL:     9   Next: 29%
Magic:  16/22      EV: 12    Int: 17    God:    Ashenzari [*.....]
Gold:   396        SH:  0    Dex: 13    Spells: 14/26 levels left

rFire   x . .      SeeInvis .    d - +1 long sword (protect)
rCold   + . .      Faith    +    (no shield)
rNeg    + + +      Spirit   .    b - +0 robe "Enigmatic Scepticism" {Evo, Self} (curse)
rPois   ∞          Reflect  .    s - +1 helmet of the Bound Irritation {Dex+2, Bglg, Elem} (curse)
rElec   .          Harm     .    (no cloak)
rCorr   .          Rampage  .    g - +0 pair of gloves
Will    +....                    k - +0 pair of boots
Stlth   ++                       (no amulet)
HPRegen 0.31/turn                f - +4 ring of protection
MPRegen 0.18/turn                p - +6 ring of strength

@: under a protective aura
A: cold resistance 1, negative energy resistance 3, torment resistance 2, heat
vulnerability 1, in touch with death 1, no potions, faith
a: Renounce Religion, Shatter the Chains


You were on level 7 of the Dungeon.
You worshipped Ashenzari.
Ashenzari was aware of your devotion.
You visited 2 branches of the dungeon, and saw 8 of its levels.

You collected 396 gold pieces.

Inventory:

Hand Weapons
 d - a +1 long sword of protection (weapon)
 e - a +0 double sword
 m - a +2 scimitar of freezing
Armour
 b - the cursed +0 robe "Enigmatic Scepticism" (worn) {Evo, Self}

   It has a curse which improves the following skills: Evocations: Evocations.
   Introspection: Fighting and Spellcasting.
 g - a +0 pair of gloves (worn)
 k - a +0 pair of boots (worn)
 s - the cursed +1 helmet of the Bound Irritation (worn) {Dex+2, Bglg, Elem}
   (You found it on level 5 of the Dungeon)

   Dex:       It affects your dexterity (+2).
   It has a curse which improves the following skills: Beguiling: Conjurations,
   Hexes and Translocations.
   Elements:  Fire Magic, Ice Magic, Air Magic and Earth Magic.
 v - a +0 pair of boots
 w - a +1 robe of cold resistance
Magical Staves
 r - a staff of poison
Jewellery
 f - a +4 ring of protection (left hand)
 p - a +6 ring of strength (right hand)
Wands
 q - a wand of roots (11)
 u - a wand of flame (13)
Scrolls
 a - 7 scrolls of identify
 c - 3 scrolls of fear
 h - 2 scrolls of fog
 i - a scroll of poison
 j - 3 scrolls of teleportation
 l - a scroll of enchant weapon
 n - a scroll of magic mapping
 o - a scroll of summoning
 t - a scroll of blinking


   Skills:
 + Level 5.7(6.6) Fighting
 + Level 3.3 Long Blades
 - Level 1.5 Dodging
 - Level 1.5 Stealth
 + Level 8.2(9.1) Spellcasting
 + Level 4.9(5.7) Conjurations
 - Level 0.7 Summonings
 - Level 0.7(1.2) Translocations
 + Level 3.1(3.9) Ice Magic
 + Level 3.2 Poison Magic


You had 14 spell levels left.
You knew the following spells:

 Your Spells              Type           Power      Damage    Failure   Level
a - Magic Dart            Conj           100%       1d8       1%          1
b - Blink                 Tloc           22%        N/A       9%          2
c - Mephitic Cloud        Conj/Pois/Air  18%        N/A       9%          3
d - Hailstorm             Conj/Ice       24%        3d7       3%          3
e - Ignite Poison         Fire/Tmut/Pois 11%        N/A       19%         3

Your spell library contained the following spells:

 Spells                   Type           Power      Damage    Failure   Level
 Freeze                   Ice            84%        1d9       1%          1
 Frozen Ramparts          Ice            42%        1d7       5%          3
 Slow                     Hex            32%        N/A       9%          1
 Cigotuvi's Dreadful Rot  Necr/Pois/Air  34%        N/A       9%          2
 Lesser Beckoning         Tloc           22%        N/A       9%          2
 Call Imp                 Summ           10%        N/A       11%         2
 Gell's Gravitas          Tloc           11%        N/A       17%         3
 Teleport Other           Tloc           11%        N/A       17%         3
 Call Canine Familiar     Summ           10%        N/A       21%         3
 Portal Projectile        Hex/Tloc       18%        N/A       22%         3
 Kindle Blastsparks       Fire/Tloc/Air  18%        2d11      24%         3
 Freezing Cloud           Conj/Ice/Air   9%         6-21      56%         5
 Leda's Liquefaction      Hex/Erth       4%         N/A       65%         4
 Simulacrum               Ice/Necr       10%        N/A       100%        6
 Polar Vortex             Ice            10%        N/A       100%        9


Dungeon Overview and Level Annotations

Branches:
Dungeon (7/15)             Temple (1/1) D:4

Altars:
Ashenzari
Cheibriados
Trog
Xom


Innate Abilities, Weirdness & Mutations

You are immune to poison.
Your flesh is cold resistant. (rC+)
You are immune to negative energy. (rN+++)
You are immune to unholy pain and torment.
You are vulnerable to heat. (rF-)
You are in touch with the powers of death.
You do not drink.
You have a special connection with the divine. (Faith)


Message History

The stinking cloud engulfs the dream sheep but does no damage.
Your attack snaps the dream sheep out of its fear.
The dream sheep bleats!
The stinking cloud engulfs the dream sheep but does no damage.
Your attack snaps the dream sheep out of its fear.
The dream sheep bleats!
The stinking cloud engulfs the dream sheep but does no damage.
Your attack snaps the dream sheep out of its fear.
The stinking cloud engulfs the dream sheep but does no damage.
Your attack snaps the dream sheep out of its fear.
The dream sheep bleats!
The dream sheep burns! x5
The dream sheep is engulfed in noxious fumes.
The dream sheep appears confused.
The dream sheep bites the dream sheep!
Flame seeps out of the dream sheep.
The dream sheep is engulfed in noxious fumes. x2
Casting: Mephitic Cloud (dangerous; 9% risk of failure)
Confirm with . or Enter, or press ? or * to list all spells.
You ignite the poison in your surroundings!
The dream sheep burns! x5
The dream sheep is engulfed in blazing flames.
Flame seeps out of the dream sheep.
The dream sheep bites you!
The dream sheep is engulfed in blazing flames.
The dream sheep explodes!
The fiery explosion engulfs the dream sheep!!
The dream sheep explodes!
The dream sheep bites you!
You hit the dream sheep.
Flame seeps out of the dream sheep.
Your weapon exudes an aura of protection.
The dream sheep is heavily wounded.
The dream sheep burns! x5
The dream sheep explodes!
The fiery explosion engulfs the dream sheep!!
The fiery explosion engulfs you!!! The fire burns you terribly!
Ouch! That really hurt!
* * * LOW HITPOINT WARNING * * *
The dream sheep explodes!
The fiery explosion engulfs you!!! The fire burns you terribly!
Ouch! That really hurt!
You die...

...# ...
#.........# ...
#.........# ..
#....§§§..# .#
#....☼○§..# ##.#
#....☼○§..# #..
#..Y○○§§..#
##.######
#...§§○§..#
#........
#...§§@§..#
##..######
#.........####..##
.
#.####........#.#
§
#......#####.##.#
§ ######.# ##.#.#
§ #.# ##..## .
#.########..######
#.................
#.###########..##.


You could see a dream sheep (inner flame, burning).

Vanquished Creatures
  Prince Ribbit (D:5)
  A dream sheep (D:7)
  A steam dragon (D:7)
  A water moccasin (D:6)
  A sky beast (D:7)
  2 black bears
  3 ogres
  2 centaurs (D:7)
  A phantom (D:6)
  Blork the orc (D:4)
  A necrophage (D:5)
  4 scorpions
  3 wights (D:6)
  2 howler monkeys
  2 electric eels (D:7)
  A hound (D:4)
  A jelly (D:7)
  Jessica (D:3)
  2 iguanas (D:5)
  3 orc wizards (D:7)
  Natasha (thrice) (D:4)
  Robin (D:4)
  8 adders
  A shadow imp (D:5)
  2 white imps (D:7)
  2 ufetubi
  A worm (D:2)
  8 orcs
  6 endoplasms
  7 giant cockroaches
  9 hobgoblins
  6 jackals
  10 kobolds
  2 quokkas
  6 ball pythons
  4 bats
  5 frilled lizards
  13 goblins
  20 rats
148 creatures vanquished.

Vanquished Creatures (others)
  3 dream sheep (D:7)
  3 plants (D:7)
6 creatures vanquished.

Grand Total: 154 creatures vanquished

Notes
Turn   | Place    | Note
-------+----------+-------------------------------------------
     0 | D:1      | NotreDorf the Mummy Hedge Wizard began the quest for the
                  | Orb.
     0 | D:1      | Reached XP level 1. HP: 13/13 MP: 5/5
   258 | D:1      | Reached skill level 1 in Conjurations
   394 | D:1      | Reached XP level 2. HP: 20/20 MP: 0/7
   543 | D:1      | Reached skill level 1 in Fighting
  1342 | D:1      | Learned a level 2 spell: Blink
  1381 | D:2      | Gained mutation: You are in touch with the powers of death.
                  | [Mummy growth]
  1381 | D:2      | Reached XP level 3. HP: 24/26 MP: 2/9
  2054 | D:2      | Reached XP level 4. HP: 31/33 MP: 1/10
  2231 | D:2      | Learned a level 3 spell: Mephitic Cloud
  2451 | D:3      | Noticed Jessica
  2476 | D:3      | Killed Jessica
  2477 | D:3      | Reached skill level 5 in Spellcasting
  3355 | D:4      | Noticed a scorpion
  3367 | D:4      | Killed a scorpion
  3368 | D:4      | Reached XP level 5. HP: 40/40 MP: 5/12
  3576 | D:4      | Reached XP level 6. HP: 44/47 MP: 10/14
  3633 | D:4      | Noticed Blork the orc
  3635 | D:4      | Reached skill level 6 in Spellcasting
  3800 | D:4      | Noticed Natasha
  3803 | D:4      | Killed Natasha
  3804 | D:4      | Killed Blork the orc
  3844 | D:4      | Noticed Natasha
  3852 | D:4      | Killed Natasha
  4088 | D:4      | Found a staircase to the Ecumenical Temple.
  4139 | Temple   | Entered the Ecumenical Temple
  4147 | Temple   | Became a worshipper of Ashenzari the Shackled
  4319 | D:4      | Noticed Natasha
  4325 | D:4      | Killed Natasha
  4326 | D:4      | Reached XP level 7. HP: 49/54 MP: 12/16
  4608 | D:5      | Entered Level 5 of the Dungeon
  4619 | D:5      | Noticed Prince Ribbit
  4721 | D:4      | Noticed Robin
  4730 | D:4      | Killed Robin
  4830 | D:4      | Learned a level 3 spell: Hailstorm
  4852 | D:5      | Reached skill level 1 in Long Blades
  4995 | D:5      | Reached skill level 1 in Poison Magic
  5008 | D:5      | Killed Prince Ribbit
  5009 | D:5      | Reached skill level 1 in Ice Magic
  5112 | D:5      | Reached skill level 7 in Spellcasting
  5132 | D:5      | Identified the +1 helmet of the Invisible Hand {Dex+2}
  5185 | D:5      | Reached XP level 8. HP: 60/61 MP: 18/18
  5794 | D:6      | Learned a level 3 spell: Ignite Poison
  5903 | D:6      | Reached skill level 5 in Fighting
  6090 | D:6      | Reached * piety under Ashenzari
  6251 | D:7      | Found a transporter.
  6400 | D:7      | Reached XP level 9. HP: 42/69 MP: 2/21
  6401 | D:7      | Found a transporter.
  6700 | D:7      | Reached skill level 8 in Spellcasting
  6977 | D:7      | Found a shimmering altar of Xom.
  6980 | D:7      | Killed by an exploding dream sheep... ignited by their
                  | inner flame

Illustrated notes

Levels and vault maps discovered:
D:1:      lemuel_arrival_behind_the_door_large, layout_basic
D:2:      layout_rooms
D:3:      layout_basic, serial_rivers, chequers_serial_rivers_micro_a,
          chequers_serial_rivers_small_a, chequers_serial_rivers_micro_d,
          chequers_serial_rivers_large_a, chequers_serial_rivers_micro_b,
          chequers_serial_rivers_small_3, uniq_jessica
D:4:      layout_basic, minmay_temple_entry_statues_fountains, minmay_rat_hole,
          uniq_robin, uniq_natasha, uniq_blork_the_orc
D:5:      layout_basic, uniq_prince_ribbit1
D:6:      layout_basic
D:7:      gammafunk_steamed_eel, layout_loops_ring, kb_xom_exploding_sheep,
          minmay_fire_ice_demons
Temple:   nicolae_temple_bog_church

Skill      XL: |  1  2  3  4  5  6  7  8  9 |
---------------+----------------------------+-----
Conjurations   | 1 2 3 4 |  4.9
Fighting       | 1 2 3 4 5 |  5.7
Spellcasting   | 5 6 7 8 |  8.2
Long Blades    | 1 3 |  3.3
Poison Magic   | 1 2 3 |  3.2
Ice Magic      | 1 2 3 |  3.1
Dodging        | |  1.5
Stealth        | |  1.5
Summonings     | |  0.7
Translocations | |  0.7

Action                     |  1- 3 |  4- 6 |  7- 9 || total
---------------------------+-------+-------+-------++-------
  Melee: Long sword        |    18 |    79 |   161 ||   258
         Punch             |       |     1 |     3 ||     4
   Cast: Magic Dart        |   101 |    75 |    92 ||   268
         Mephitic Cloud    |       |     4 |    17 ||    21
         Ignite Poison     |       |       |     7 ||     7
 Invoke: Curse Item        |       |       |     2 ||     2
  Evoke: Wand              |       |       |     5 ||     5
   Stab: Confused          |       |     1 |     6 ||     7
         Sleeping          |       |     1 |       ||     1
 Armour: Robe              |    18 |    29 |    98 ||   145
  Dodge: Dodged            |    27 |    63 |   123 ||   213

Table legend: (Time is in decaauts)
 A = Elapsed time spent in this place.
 B = Non-inter-level travel time spent in this place.
 C = Inter-level travel time spent in this place.
 D = Time resting spent in this place.
 E = Time spent auto-exploring this place.
 F = Levels seen in this place.
 G = Mean time per level.
                   A        B        C        D        E       F      G
               +--------+--------+--------+--------+--------+-----+--------+
         Total |   7098 |   6916 |    182 |    395 |   5247 |   8 |  887.2 |
       Dungeon |   7081 |   6899 |    182 |    395 |   5247 |   7 | 1011.6 |
        Temple |     16 |     16 |      0 |      0 |      0 |   1 |   16.0 |
               +--------+--------+--------+--------+--------+-----+--------+

Top non-repeatable levels by time:
     D:1: 1374 daAuts
     D:4: 1332 daAuts
     D:3: 1277 daAuts
     D:5: 892 daAuts
     D:2: 865 daAuts
     D:7: 739 daAuts
     D:6: 598 daAuts
  Temple: 16 daAuts
